 Dungeon Crawl Stone Soup version 0.31.0-4-g52a2dc7128 (webtiles) character file.

Game seed: 6699751815691661496

42 Gate88 the Covered (level 3, 0/31 HPs)
             Began as a Minotaur Fighter on Jan 23, 2024.
             Slain by a gnoll
             ... wielding a +0 halberd
              (10 damage)
             ... on level 2 of the Dungeon.
             The game lasted 00:02:52 (814 turns).

Gate88 the Covered (Minotaur Fighter)                Turns: 814, Time: 00:02:53

Health: 0/31       AC:  7    Str: 22    XL:     3   Next: 33%
Magic:  2/2        EV:  9    Int:  5    God:
Gold:   58         SH:  4    Dex:  9    Spells: 2/2 levels left

rFire   . . .        a - +0 flail
rCold   . . .        c - +0 buckler
rNeg    . . .        b - +0 scale mail
rPois   .            (helmet restricted)
rElec   .            (no cloak)
rCorr   .            (no gloves)
SInv    .            (no boots)
Will    .....        (no amulet) Stlth
                     (no ring)
HPRegen 0.25/turn    (no ring)
MPRegen 0.08/turn

%: no passive effects
@: no status effects
A: horns 2, retaliatory headbutt
a: no special abilities


You were on level 2 of the Dungeon.
You visited 1 branch of the dungeon, and saw 2 of its levels.

You collected 58 gold pieces.

Inventory:

Hand Weapons
 a - a +0 flail (weapon)
Missiles
 k - 15 stones (quivered)
Armour
 b - a +0 scale mail (worn)
 c - a +0 buckler (worn)
Scrolls
 f - a scroll of enchant armour {unknown}
 g - 2 scrolls of identify {unknown}
 h - a scroll of enchant weapon {unknown}
 j - a scroll of amnesia {unknown}
Potions
 d - a potion of might
 e - a potion of enlightenment {unknown}
 i - a potion of degeneration {unknown}


   Skills:
 - Level 3.6 Fighting
 * Level 3.7 Maces & Flails
 + Level 4.4 Armour
 + Level 3.8 Shields


You had 2 spell levels left.
You didn't know any spells.
Your spell library was empty.

Dungeon Overview and Level Annotations

Branches:
Dungeon (2/15)

Altars:
Xom


Innate Abilities, Weirdness & Mutations

You have a pair of horns on your head.
You reflexively headbutt those who attack you in melee.


Message History

You block the bat's attack.
You hit the bat but do no damage. Your headbutt misses the bat.
You block the bat's attack. The bat barely misses you.
You sock the giant cockroach!
You kill the giant cockroach!
You block the bat's attack.
You barely miss the bat. Your headbutt misses the bat.
The bat hits you but does no damage. The bat barely misses you.
You furiously retaliate!
You headbutt the bat. The bat barely misses you.
You miss the bat. You headbutt the bat.
You kill the bat!
No target in view!
You see here a bat corpse.
Found a shimmering altar of Xom.
You open the door. 3 gnolls come into view.
The gnoll shouts! x3
You sock the gnoll!
The gnoll is severely wounded.
The gnoll hits you but does no damage.
You hit the gnoll but do no damage. Your headbutt misses the gnoll.
The gnoll is severely wounded.
The gnoll hits you with a +0 club.
You closely miss the gnoll.
The gnoll is severely wounded.
The gnoll hits you with a +0 club.
You barely miss the gnoll.
The gnoll is severely wounded.
You block the gnoll's attack.
You sock the gnoll!
You kill the gnoll!
The gnoll hits you with a +0 flail!
You hit the gnoll but do no damage. Your headbutt misses the gnoll.
The gnoll closely misses you. The gnoll hits you with a +0 flail!
The gnoll hits you from afar with a +0 halberd.
You hit the gnoll. Your headbutt misses the gnoll.
The gnoll is lightly wounded.
You block the gnoll's attack.
The gnoll hits you from afar with a +0 halberd!
You die...

#....... #......
#..... #.... ... #'#
#g# #g# ######@#
#......# ######.# ...
..##.# ..# #.# #.##.#
#.# #.####.##.# #.#
#.........#
####.###.####.#######
.....................


You could see 2 gnolls.

Vanquished Creatures
  A gnoll (D:2)
  2 dart slugs
  4 bats
  3 endoplasms
  2 giant cockroaches (D:2)
  5 hobgoblins (D:1)
  2 quokkas (D:1)
  A ball python (D:1)
  2 kobolds (D:1)
  4 rats (D:1)
26 creatures vanquished.

Notes
Turn   | Place    | Note
-------+----------+-------------------------------------------
     0 | D:1      | Gate88 the Minotaur Fighter began the quest for the Orb.
     0 | D:1      | Reached XP level 1. HP: 19/19 MP: 0/0
   127 | D:1      | Reached skill level 4 in Armour
   162 | D:1      | Reached XP level 2. HP: 26/26 MP: 1/1
   724 | D:2      | Reached XP level 3. HP: 31/31 MP: 2/2
   785 | D:2      | Found a shimmering altar of Xom.
   814 | D:2      | Slain by a gnoll

Illustrated notes

Levels and vault maps discovered:
D:1:      grunt_arrival_crossed_arrows, layout_basic
D:2:      layout_basic, basic_ecumenical_altar, basic_altar

Skill      XL: |  1 |
---------------+----+-----
Armour         | 4 |  4.4
Maces & Flails | 3 |  3.7
Fighting       | |  3.6
Shields        | |  3.8

Action                     || total
---------------------------++-------
  Melee: Flail             ||    58
         Headbutt          ||     7
 Armour: Scale mail        ||    40
  Dodge: Dodged            ||    27
  Block: Buckler           ||    18
